 Dungeon Crawl Stone Soup version 0.29.1-13-g9f3cf754e1 (webtiles) character file.

Game seed: 14559380990204205963

30 bjubeck the Trooper (level 3, 0/33 HPs)
             Began as a Minotaur Berserker on Feb 10, 2023.
             Was a Follower of Trog.
             Succumbed to a kobold's poison
             ... on level 2 of the Dungeon.
             The game lasted 00:02:19 (1638 turns).

bjubeck the Trooper (Minotaur Berserker)            Turns: 1638, Time: 00:02:19

Health: 0/33       AC:  5    Str: 23    XL:     3   Next: 3%
Magic:  2/2        EV: 26    Int:  4    God:    Trog [*.....]
Gold:   44         SH:  0    Dex:  9    Spells: 2/2 levels left

rFire   + . .      SeeInvis .   a - +0 hand axe
rCold   . . .      Faith    .   (no shield)
rNeg    . . .      Spirit   .   d - +0 ring mail
rPois   .          Reflect  .   (helmet restricted)
rElec   .          Harm     .   (no cloak)
rCorr   .          Rampage  .   (no gloves)
Will    ++...                   (no boots)
Stlth   ..........              e - amulet of Jys Wet {Acrobat rF+ Will++}
HPRegen 0.11/turn               (no ring)
MPRegen 0.08/turn               (no ring)

@: lethally poisoned (0 -> -1), acrobatic
A: horns 2, retaliatory headbutt
a: Renounce Religion, Berserk


You were on level 2 of the Dungeon.
You worshipped Trog.
Trog was aware of your devotion.
You visited 1 branch of the dungeon, and saw 2 of its levels.

You collected 44 gold pieces.

Inventory:

Hand Weapons
 a - a +0 hand axe (weapon)
Armour
 b - a +0 animal skin
 d - a +0 ring mail (worn)
Jewellery
 e - the amulet of Jys Wet (around neck) {Acrobat rF+ Will++}
   (You found it on level 2 of the Dungeon)

   [amulet of the acrobat]

   It increases your evasion while moving and waiting.
   rF:        It protects you from fire.
   Will:      It greatly increases your willpower.


   Skills:
 + Level 4.2 Fighting
 + Level 4.1 Axes
 + Level 3.2 Armour
 - Level 2.1 Dodging


You had 2 spell levels left.
You didn't know any spells.
Your spell library was empty.

Dungeon Overview and Level Annotations

Branches:
Dungeon (2/15)

Altars:


Innate Abilities, Weirdness & Mutations

You have a pair of horns on your head.
You reflexively headbutt those who attack you in melee.


Message History

You feel very sick.
The kobold hits you with a +1 dagger of venom.
You closely miss the kobold.
You feel very sick. The kobold hits you but does no damage.
You hit the kobold.
The kobold is heavily wounded.
You feel sick. The kobold hits you but does no damage.
You are lethally poisoned!
You barely miss the kobold.
The kobold is heavily wounded.
You feel very sick. The kobold barely misses you. You furiously retaliate!
You headbutt the kobold!
You kill the kobold!
Trog accepts your kill.
You drop a black potion.
You feel very sick.
* * * LOW HITPOINT WARNING * * *
You feel very sick.
* * * LOW HITPOINT WARNING * * *
You feel sick.
* * * LOW HITPOINT WARNING * * *
You feel sick.
You see here a scroll labelled JAUS KEDGHYDE.
c - a scroll labelled JAUS KEDGHYDE
* * * LOW HITPOINT WARNING * * *
You feel sick.
As you read the scroll labelled JAUS KEDGHYDE, it crumbles to dust.
It is a scroll of identify.
You don't have any unidentified items.
* * * LOW HITPOINT WARNING * * *
You feel sick.
Unknown command.
* * * LOW HITPOINT WARNING * * *
You feel sick.
* * * LOW HITPOINT WARNING * * *
You feel sick.
* * * LOW HITPOINT WARNING * * *
You feel sick.
You die...

#### ...## . #...
. ###########.#
.# .........@..#
.#
.##########!###.#
#.)...#####
#.........#
##..#.###. #..#.#
########..#.#
............#
########....#


There were no monsters in sight!

Vanquished Creatures
  3 endoplasms (D:1)
  A giant cockroach (D:1)
  3 goblins (D:1)
  2 hobgoblins (D:1)
  7 jackals (D:1)
  3 kobolds
  A ball python (D:1)
  A bat (D:2)
  2 frilled lizards (D:1)
  A rat (D:1)
24 creatures vanquished.

Notes
Turn   | Place    | Note
-------+----------+-------------------------------------------
     0 | D:1      | bjubeck the Minotaur Berserker began the quest for the Orb.
     0 | D:1      | Reached XP level 1. HP: 19/19 MP: 0/0
    44 | D:1      | HP: 1/20 [hobgoblin (1)]
    49 | D:1      | Reached XP level 2. HP: 3/27 MP: 1/1
  1616 | D:2      | Reached XP level 3. HP: 33/33 MP: 2/2
  1618 | D:2      | Identified the amulet of Jys Wet {Acrobat rF+ Will++}
  1637 | D:2      | HP: 1/33 [poisoned by a kobold]
  1638 | D:2      | Succumbed to a kobold's poison

Illustrated notes

Levels and vault maps discovered:
D:1:      lightli_arrival_flooded_house, layout_basic, grunt_decor_fettered
D:2:      cheibrodos_old_hovel, layout_loops_ring,
          shapermc_ecumenical_altar_notcrosses, chequers_serial_rivers_small_b,
          minmay_divided_ellipse

Skill      XL: |  1  2 |
---------------+-------+-----
Fighting       | 4 |  4.2
Axes           | 4 |  4.1
Armour         | 3 |  3.2
Dodging        | |  2.1

Action                   || total
-------------------------++-------
Melee: Hand axe          ||    50
       Headbutt          ||     8
Invok: Berserk           ||     2
  Use: Scroll            ||     1
Armor: Animal skin       ||    11
       Ring mail         ||     5
Dodge: Dodged            ||    37
